TOP OF THE 1ST |
Kansas City Royals batting - Pitching for Minnesota Twins : RHP Matt Sigurdson
|
Pitching: RHP Matt Sigurdson
|
|
Batting: SHB Jose Pacheco
|
0-0: Ball 1-0: Bunt for hit to 15 - play at first, batter OUT! 1-3
|
Batting: LHB Roman Downey
|
0-0: Called Strike 0-1: Ball 1-1: Foul Ball, location: 2F 1-2: Ball 2-2: Foul Ball, location: 2F 2-2: Ball 3-2: Base on Balls
|
Batting: RHB Mike Jaquez
|
0-0: Foul Ball, location: 2F 0-1: Foul Ball, location: 2F 0-2: Foul Ball, location: 2F 0-2: Ball 1-2: Strikes out swinging
|
Batting: LHB Bill Baconneck
|
0-0: Called Strike 0-1: Ball 1-1: Swinging Strike 1-2: Foul Ball, location: 2F 1-2: Strikes out swinging
|
Top of the 1st over - 0 runs, 0 hits, 0 errors, 1 left on base; Kansas City 0 - Minnesota 0 |
BOTTOM OF THE 1ST |
Minnesota Twins batting - Pitching for Kansas City Royals : RHP Chris Irvin
|
Pitching: RHP Chris Irvin
|
|
Batting: LHB Peer Derks
|
0-0: Called Strike 0-1: Fly out, F9 (Flyball, 89D, EV 90.0 MPH)
|
Batting: RHB Steve Jordan
|
0-0: Ball 1-0: Ball 2-0: Ball 3-0: Base on Balls
|
Batting: RHB Hildo Pot
|
0-0: Ball 1-0: SINGLE (Groundball, 4MD, EV 102.5 MPH) Steve Jordan to second Runner from 2nd tries for 3rd, SAFE, no throw by CF
|
Batting: RHB Kevin Howard
|
0-0: Ball 1-0: Ball 2-0: Foul Ball, location: 2F 2-1: Ball 3-1: Called Strike 3-2: Fly out, F8 (Flyball, 89M, EV 83.1 MPH)
|
Batting: RHB Miguel Diaz
|
0-0: Foul Ball, location: 2F 0-1: Ball 1-1: Ball 2-1: Foul Ball, location: 2F 2-2: Strikes out looking
|
Bottom of the 1st over - 0 runs, 1 hit, 0 errors, 2 left on base; Kansas City 0 - Minnesota 0 |
TOP OF THE 2ND |
Kansas City Royals batting - Pitching for Minnesota Twins : RHP Matt Sigurdson
|
Batting: SHB Gil Switzer
|
0-0: Ball 1-0: SINGLE (Groundball, 4MD, EV 95.6 MPH)
|
Batting: RHB Adam Martin
|
0-0: Called Strike 0-1: Ball 1-1: Called Strike 1-2: Ball 2-2: Foul Ball, location: 2F 2-2: Ball 3-2: Foul Ball, location: 2F 3-2: Strikes out swinging
|
Batting: RHB Bob Najar
|
0-0: Ground out 5-3 (Groundball, 56S, EV 69.4 MPH) Gil Switzer to second
|
Batting: LHB Sam Britt
|
0-0: Ball 1-0: Foul Ball, location: 2F 1-1: Ground out 6-3 (Groundball, 4M, EV 80.0 MPH)
|
Top of the 2nd over - 0 runs, 1 hit, 0 errors, 1 left on base; Kansas City 0 - Minnesota 0 |
BOTTOM OF THE 2ND |
Minnesota Twins batting - Pitching for Kansas City Royals : RHP Chris Irvin
|
Batting: LHB Chris Ringwood
|
0-0: Ball 1-0: Foul Ball, location: 2F 1-1: Ball 2-1: Ball 3-1: Ground out 4-3 (Groundball, 4, EV 103.1 MPH)
|
Batting: LHB Bob Branham
|
0-0: Ball 1-0: Foul Ball, location: 2F 1-1: Ground out 4-3 (Groundball, 34, EV 85.6 MPH)
|
Batting: RHB Jesse Scott
|
0-0: Ball 1-0: Ball 2-0: Foul Ball, location: 2F 2-1: Foul Ball, location: 2F 2-2: SINGLE (Line Drive, 8LS, EV 113.1 MPH)
|
Batting: RHB Luis Villanueva
|
0-0: Called Strike Jesse Scott steals 2nd base 0-1: Fly out, F8 (Flyball, 8LD, EV 97.5 MPH)
|
Bottom of the 2nd over - 0 runs, 1 hit, 0 errors, 1 left on base; Kansas City 0 - Minnesota 0 |
TOP OF THE 3RD |
Kansas City Royals batting - Pitching for Minnesota Twins : RHP Matt Sigurdson
|
Batting: RHB Mikolas Markus
|
0-0: Ball 1-0: Ball 2-0: Called Strike 2-1: Ball 3-1: Foul Ball, location: 2F 3-2: Strikes out swinging
|
Batting: SHB Jose Pacheco
|
0-0: Called Strike 0-1: Fly out, F8 (Flyball, 89XD, EV 91.9 MPH)
|
Batting: LHB Roman Downey
|
0-0: DOUBLE (Line Drive, 78XD, EV 109.4 MPH)
|
Batting: RHB Mike Jaquez
|
0-0: Fly out, F3 (Popup, 3, EV 76.2 MPH)
|
Top of the 3rd over - 0 runs, 1 hit, 0 errors, 1 left on base; Kansas City 0 - Minnesota 0 |
BOTTOM OF THE 3RD |
Minnesota Twins batting - Pitching for Kansas City Royals : RHP Chris Irvin
|
Batting: LHB Peer Derks
|
0-0: Called Strike 0-1: Swinging Strike 0-2: Ball 1-2: Foul Ball, location: 2F 1-2: Strikes out swinging
|
Batting: RHB Steve Jordan
|
0-0: Ball 1-0: Called Strike 1-1: Ball 2-1: Ground out 6-3 (Groundball, 6, EV 80.0 MPH)
|
Batting: RHB Hildo Pot
|
0-0: Ball 1-0: Ball 2-0: Ground out 4-3 (Groundball, 34, EV 103.8 MPH)
|
Bottom of the 3rd over - 0 runs, 0 hits, 0 errors, 0 left on base; Kansas City 0 - Minnesota 0 |
TOP OF THE 4TH |
Kansas City Royals batting - Pitching for Minnesota Twins : RHP Matt Sigurdson
|
Batting: LHB Bill Baconneck
|
0-0: Fly out, F8 (Flyball, 8RXD, EV 101.2 MPH)
|
Batting: SHB Gil Switzer
|
0-0: Called Strike 0-1: Ground out U3 (Groundball, 3, EV 86.2 MPH)
|
Batting: RHB Adam Martin
|
0-0: Ball 1-0: Ground out 5-3 (Groundball, 56S, EV 69.4 MPH)
|
Top of the 4th over - 0 runs, 0 hits, 0 errors, 0 left on base; Kansas City 0 - Minnesota 0 |
BOTTOM OF THE 4TH |
Minnesota Twins batting - Pitching for Kansas City Royals : RHP Chris Irvin
|
Batting: RHB Kevin Howard
|
0-0: Called Strike 0-1: Called Strike 0-2: Strikes out swinging
|
Batting: RHB Miguel Diaz
|
0-0: Foul Ball, location: 2F 0-1: Ball 1-1: Ball 2-1: Foul Ball, location: 2F 2-2: Foul Ball, location: 2F 2-2: Ball 3-2: Foul Ball, location: 2F 3-2: Ground out 6-3 (Groundball, 6, EV 90.6 MPH)
|
Batting: LHB Chris Ringwood
|
0-0: Called Strike 0-1: Ball 1-1: Ball 2-1: SINGLE (Groundball, 4S, EV 66.9 MPH) (infield hit)
|
Batting: LHB Bob Branham
|
0-0: Ball 1-0: Ball 2-0: Called Strike 2-1: Foul Ball, location: 2F 2-2: Ball 3-2: Fly out, F6 (Popup, 4M, EV 59.4 MPH)
|
Bottom of the 4th over - 0 runs, 1 hit, 0 errors, 1 left on base; Kansas City 0 - Minnesota 0 |
TOP OF THE 5TH |
Kansas City Royals batting - Pitching for Minnesota Twins : RHP Matt Sigurdson
|
Batting: RHB Bob Najar
|
0-0: Ground out 4-3 (Groundball, 4, EV 84.4 MPH)
|
Batting: LHB Sam Britt
|
0-0: Ball 1-0: DOUBLE (Flyball, 8RXD, EV 108.1 MPH)
|
Batting: RHB Mikolas Markus
|
0-0: Ball 1-0: Ball 2-0: Foul Ball, location: 2F 2-1: Called Strike 2-2: Ball 3-2: Base on Balls
|
Batting: SHB Jose Pacheco
|
0-0: Fly out, F9 (Flyball, 9S, EV 90.0 MPH)
|
Batting: LHB Roman Downey
|
0-0: Ball 1-0: 3-RUN HOME RUN (Flyball, 89XD, EV 100.6 MPH), Distance : 400 ft
|
Pitching: LHP Josh Langguth
|
|
Batting: RHB Mike Jaquez
|
0-0: Ball 1-0: Ball 2-0: Ball 3-0: Base on Balls
|
Batting: LHB Bill Baconneck
|
0-0: Ball 1-0: Ball 2-0: Foul Ball, location: 2F 2-1: Ball 3-1: Foul Ball, location: 2F 3-2: Base on Balls Mike Jaquez to second
|
Batting: SHB Gil Switzer
|
0-0: Ball 1-0: Fly out, F6 (Popup, 6MD, EV 53.8 MPH)
|
Top of the 5th over - 3 runs, 2 hits, 0 errors, 2 left on base; Kansas City 3 - Minnesota 0 |
BOTTOM OF THE 5TH |
Minnesota Twins batting - Pitching for Kansas City Royals : RHP Chris Irvin
|
Batting: RHB Jesse Scott
|
0-0: Swinging Strike 0-1: Ball 1-1: Ball 2-1: Ground out 6-3 (Groundball, 6, EV 84.4 MPH)
|
Batting: RHB Luis Villanueva
|
0-0: Ground out 5-3 (Groundball, 56S, EV 71.9 MPH)
|
Batting: LHB Peer Derks
|
0-0: Ball 1-0: Ground out 4-3 (Groundball, 34, EV 101.2 MPH)
|
Bottom of the 5th over - 0 runs, 0 hits, 0 errors, 0 left on base; Kansas City 3 - Minnesota 0 |
TOP OF THE 6TH |
Kansas City Royals batting - Pitching for Minnesota Twins : LHP Josh Langguth
|
Batting: RHB Adam Martin
|
0-0: Called Strike 0-1: Ball 1-1: Ball 2-1: Ball 3-1: Called Strike 3-2: Fly out, F7 (Flyball, 7, EV 88.8 MPH)
|
Batting: RHB Bob Najar
|
0-0: Ball 1-0: Foul Ball, location: 2F 1-1: Ball 2-1: SINGLE (Flyball, 7LS, EV 98.8 MPH)
|
Batting: LHB Sam Britt
|
0-0: Called Strike 0-1: Ball 1-1: Swinging Strike 1-2: Ball 2-2: SINGLE (Groundball, 56D, EV 97.5 MPH) Bob Najar to second
|
Batting: RHB Mikolas Markus
|
0-0: Ball 1-0: Called Strike 1-1: Foul Ball, location: 2F 1-2: Grounds into double play, 6-4-3 (Groundball, 6, EV 83.1 MPH)
|
Top of the 6th over - 0 runs, 2 hits, 0 errors, 1 left on base; Kansas City 3 - Minnesota 0 |
BOTTOM OF THE 6TH |
Minnesota Twins batting - Pitching for Kansas City Royals : RHP Chris Irvin
|
Batting: RHB Steve Jordan
|
0-0: Ground out 6-3 (Groundball, 56, EV 76.9 MPH)
|
Batting: RHB Hildo Pot
|
0-0: Foul Ball, location: 2F 0-1: Fly out, F8 (Flyball, 8LM, EV 90.0 MPH)
|
Batting: RHB Kevin Howard
|
0-0: Ball 1-0: Called Strike 1-1: Foul Ball, location: 2F 1-2: Ball 2-2: Ball 3-2: Ground out 5-3 (Groundball, 56, EV 95.6 MPH)
|
Bottom of the 6th over - 0 runs, 0 hits, 0 errors, 0 left on base; Kansas City 3 - Minnesota 0 |
TOP OF THE 7TH |
Kansas City Royals batting - Pitching for Minnesota Twins : LHP Josh Langguth
|
Pitching: RHP Willie Nieto
|
|
Batting: SHB Jose Pacheco
|
0-0: Foul Ball, location: 2F 0-1: Foul Ball, location: 2F 0-2: Strikes out looking
|
Batting: LHB Roman Downey
|
0-0: Ball 1-0: Called Strike 1-1: Ball 2-1: Ball 3-1: Swinging Strike 3-2: Foul Ball, location: 2F 3-2: Foul Ball, location: 2F 3-2: SINGLE (Groundball, 34D, EV 108.1 MPH)
|
Batting: RHB Mike Jaquez
|
0-0: Swinging Strike 0-1: Swinging Strike 0-2: Strikes out swinging
|
Batting: LHB Bill Baconneck
|
0-0: Ball 1-0: Swinging Strike 1-1: Ball 2-1: Ball 3-1: Foul Ball, location: 2F 3-2: Foul Ball, location: 2F 3-2: Strikes out swinging
|
Top of the 7th over - 0 runs, 1 hit, 0 errors, 1 left on base; Kansas City 3 - Minnesota 0 |
BOTTOM OF THE 7TH |
Minnesota Twins batting - Pitching for Kansas City Royals : RHP Chris Irvin
|
Batting: RHB Miguel Diaz
|
0-0: Foul Ball, location: 2F 0-1: Ball 1-1: Ball 2-1: Ball 3-1: Base on Balls
|
Batting: LHB Chris Ringwood
|
0-0: Ball 1-0: Swinging Strike 1-1: Foul Ball, location: 2F 1-2: Ball 2-2: Ball 3-2: Fly out, F7 (Line Drive, 7, EV 105.6 MPH)
|
Batting: LHB Bob Branham
|
0-0: Ball 1-0: Foul Ball, location: 2F 1-1: Ball 2-1: Ball 3-1: Base on Balls Miguel Diaz to second
|
Batting: RHB Jesse Scott
|
0-0: Ball 1-0: Called Strike 1-1: Ball 2-1: Ball 3-1: Base on Balls Miguel Diaz to third Bob Branham to second
|
Pitching: RHP Brandon Ferrari
|
|
Batting: RHB Luis Villanueva
|
0-0: Ball 1-0: Called Strike 1-1: Grounds into double play, 6-2-3 (Groundball, 6, EV 90.6 MPH)
|
Bottom of the 7th over - 0 runs, 0 hits, 0 errors, 2 left on base; Kansas City 3 - Minnesota 0 |
TOP OF THE 8TH |
Kansas City Royals batting - Pitching for Minnesota Twins : RHP Willie Nieto
|
Pitching: RHP Mike Chapman
|
|
Batting: SHB Gil Switzer
|
0-0: Ball 1-0: Ball 2-0: Foul Ball, location: 2F 2-1: Fly out, F8 (Flyball, 8RXD, EV 104.4 MPH)
|
Batting: RHB Adam Martin
|
0-0: Foul Ball, location: 2F 0-1: Swinging Strike 0-2: Reached on error, E4 (Groundball, 4M, EV 85.0 MPH)
|
Batting: RHB Bob Najar
|
0-0: Ball 1-0: Grounds into double play, 4-6-3 (Groundball, 4, EV 80.0 MPH)
|
Top of the 8th over - 0 runs, 0 hits, 1 error, 0 left on base; Kansas City 3 - Minnesota 0 |
BOTTOM OF THE 8TH |
Minnesota Twins batting - Pitching for Kansas City Royals : RHP Brandon Ferrari
|
Now at 1B: Chris Eaker
|
|
Batting: LHB Peer Derks
|
0-0: Called Strike 0-1: Swinging Strike 0-2: Foul Ball, location: 2F 0-2: Ball 1-2: Ball 2-2: Strikes out swinging
|
Batting: RHB Steve Jordan
|
0-0: Ground out 6-3 (Groundball, 6, EV 81.9 MPH)
|
Batting: RHB Hildo Pot
|
0-0: Swinging Strike 0-1: Ball 1-1: SINGLE (Line Drive, 6D, EV 98.1 MPH)
|
Batting: RHB Kevin Howard
|
0-0: Ball 1-0: Ball 2-0: Called Strike 2-1: Ball 3-1: Foul Ball, location: 2F 3-2: Foul Ball, location: 2F 3-2: Foul Ball, location: 2F 3-2: Base on Balls Hildo Pot to second
|
Pitching: RHP Asa Hahn
|
|
Batting: RHB Miguel Diaz
|
0-0: Called Strike 0-1: Ball 1-1: Fly out, F8 (Flyball, 8RS, EV 73.1 MPH)
|
Bottom of the 8th over - 0 runs, 1 hit, 0 errors, 2 left on base; Kansas City 3 - Minnesota 0 |
TOP OF THE 9TH |
Kansas City Royals batting - Pitching for Minnesota Twins : RHP Mike Chapman
|
Batting: LHB Sam Britt
|
0-0: Swinging Strike 0-1: Ball 1-1: Swinging Strike 1-2: Ball 2-2: Foul Ball, location: 2F 2-2: Ball 3-2: Base on Balls
|
Batting: RHB Mikolas Markus
|
0-0: SINGLE (Line Drive, 5L, EV 103.1 MPH) Sam Britt to second
|
Batting: SHB Jose Pacheco
|
0-0: SINGLE (Flyball, 8RS, EV 94.4 MPH) Sam Britt to third Mikolas Markus to second Runner from 3rd tries for Home, throw by CF and OUT! 8-2
|
Batting: LHB Roman Downey
|
0-0: Ball 1-0: Called Strike 1-1: Ball 2-1: Foul Ball, location: 2F 2-2: Foul Ball, location: 2F 2-2: Strikes out swinging
|
Batting: RHB Mike Jaquez
|
0-0: Ball Wild Pitch! Mikolas Markus to third Jose Pacheco to second 1-0: Foul Ball, location: 2F 1-1: Hit by Pitch
|
Batting: LHB Bill Baconneck
|
0-0: Ball 1-0: Ball 2-0: Swinging Strike 2-1: Foul Ball, location: 2F 2-2: Ball 3-2: Base on Balls Mikolas Markus scores Jose Pacheco to third Mike Jaquez to second
|
Pitching: RHP Tony Ramirez
|
|
Batting: SHB Gil Switzer
|
0-0: Ball 1-0: Called Strike 1-1: Fielders Choice at 2nd, 5-4 (Groundball, 56, EV 103.1 MPH)
|
Top of the 9th over - 1 run, 2 hits, 0 errors, 3 left on base; Kansas City 4 - Minnesota 0 |
BOTTOM OF THE 9TH |
Minnesota Twins batting - Pitching for Kansas City Royals : RHP Asa Hahn
|
Batting: LHB Chris Ringwood
|
0-0: Ground out 4-3 (Groundball, 4, EV 80.6 MPH)
|
Batting: LHB Bob Branham
|
0-0: Ball 1-0: Ball 2-0: Called Strike 2-1: Swinging Strike 2-2: Strikes out swinging
|
Batting: RHB Jesse Scott
|
0-0: Ball 1-0: Swinging Strike 1-1: Fly out, F8 (Flyball, 8RS, EV 83.8 MPH)
|
Bottom of the 9th over - 0 runs, 0 hits, 0 errors, 0 left on base; Kansas City 4 - Minnesota 0 |
|